 Dungeon Crawl Stone Soup version 0.30-a0-374-g95c0257040 (webtiles) character file.

Game seed: 12567295242574278456

19786 gruber the Frost Mage (level 12, -17/92 HPs)
             Began as a Gnoll Ice Elementalist on Nov 26, 2022.
             Was a High Priest of Okawaru.
             Demolished by a gargoyle
             ... wielding a +1 morningstar of protection
              (18 damage)
             ... on level 12 of the Dungeon.
             The game lasted 00:22:40 (13037 turns).

gruber the Frost Mage (Gnoll Ice Elementalist)     Turns: 13037, Time: 00:22:40

Health: -17/92     AC: 23    Str: 11    XL:     12   Next: 72%
Magic:  12/25      EV: 18    Int: 19    God:    Okawaru [*****.]
Gold:   782        SH:  0    Dex: 13    Spells: 18/29 levels left

rFire   . . .      SeeInvis .    z - +2 trident (vamp)
rCold   . . .      Faith    .    (no shield)
rNeg    . . .      Spirit   .    T - +0 troll leather armour
rPois   .          Reflect  .    n - +0 helmet
rElec   .          Harm     .    U - +2 cloak
rCorr   .          Rampage  .    Q - +0 pair of gloves {Str+3}
Will    .....                    (no boots)
Stlth   +++++.....               (no amulet)
HPRegen 1.15/turn                e - +4 ring of protection
MPRegen 0.19/turn                S - ring of wizardry

@: ice-armoured, heroic, finesse-ful, freezing walls
A: fangs 1, strong nose, distributed training
a: Renounce Religion, Heroism, Finesse, Duel


You were on level 12 of the Dungeon.
You worshipped Okawaru.
Okawaru was extremely pleased with you.
You visited 2 branches of the dungeon, and saw 15 of its levels.

You collected 782 gold pieces.

Inventory:

Hand Weapons
 z - a +2 vampiric trident (weapon)
 C - a +2 long sword of electrocution
 E - a +2 dagger of venom
 M - a +4 dagger of electrocution
Missiles
 f - a silver javelin
 x - 8 curare-tipped darts
 P - 2 javelins
 R - a throwing net
Armour
 n - a +0 helmet (worn)
 p - a +2 scale mail of fire resistance
 Q - a +0 pair of gloves of strength (worn)
 T - a +0 troll leather armour (worn)
 U - a +2 cloak (worn)
Jewellery
 e - a +4 ring of protection (left hand)
 K - a ring of poison resistance
 S - a ring of wizardry (right hand)
Wands
 d - a wand of polymorph (8)
 h - a wand of flame (16)
 F - a wand of iceblast (27)
 H - a wand of light (15)
 J - a wand of mindburst (6)
Scrolls
 a - a scroll of silence {unknown}
 c - 3 scrolls of blinking {unknown}
 g - 4 scrolls of enchant weapon {unknown}
 i - a scroll of enchant armour {unknown}
 j - a scroll of vulnerability {unknown}
 m - 4 scrolls of immolation {unknown}
 s - 4 scrolls of amnesia {unknown}
 u - 2 scrolls of fear {unknown}
 v - a scroll of magic mapping {unknown}
 w - 3 scrolls of fog {unknown}
 y - 6 scrolls of poison {unknown}
 B - 2 scrolls of teleportation {unknown}
 D - 2 scrolls of summoning {unknown}
 L - a scroll of noise {unknown}
Potions
 b - 5 potions of magic
 k - 3 potions of invisibility
 l - a potion of brilliance
 o - 2 potions of ambrosia
 q - 2 potions of curing
 t - 2 potions of heal wounds
 A - a potion of attraction
 G - 2 potions of might
 I - a potion of haste {unknown}
 N - a potion of resistance
 O - a potion of cancellation {unknown}
Miscellaneous
 r - a lightning rod (3/4)


   Skills:
 + Level 7.8(12.8) Fighting
 + Level 7.8(12.8) Short Blades
 + Level 7.8(12.8) Long Blades
 + Level 7.8(12.8) Axes
 + Level 7.8(12.8) Maces & Flails
 + Level 7.8(12.8) Polearms
 + Level 7.8(12.8) Staves
 + Level 7.8(12.8) Ranged Weapons
 + Level 7.8(12.8) Throwing
 + Level 7.8(12.8) Armour
 + Level 9.1(14.1) Dodging
 + Level 9.0(14.0) Stealth
 + Level 7.8(12.8) Shields
 + Level 7.8(12.8) Unarmed Combat
 + Level 9.4 Spellcasting
 + Level 6.5 Conjurations
 + Level 6.5 Hexes
 + Level 6.5 Summonings
 + Level 6.5 Necromancy
 + Level 6.5 Translocations
 + Level 6.5 Transmutations
 + Level 6.5 Fire Magic
 + Level 9.7 Ice Magic
 + Level 6.5 Air Magic
 + Level 6.5 Earth Magic
 + Level 6.5 Poison Magic
 + Level 8.6 Invocations
 + Level 7.8 Evocations


You had 18 spell levels left.
You knew the following spells:

 Your Spells              Type           Power      Damage    Failure   Level
a - Freeze                Ice            100%       1d10      1%          1
b - Frozen Ramparts       Ice            92%        1d14      1%          3
c - Ozocubu's Armour      Ice            46%        N/A       1%          3
d - Summon Ice Beast      Ice/Summ       39%        N/A       1%          4

Your spell library contained the following spells:

 Spells                   Type           Power      Damage    Failure   Level
 Blink                    Tloc           66%        N/A       1%          2
 Static Discharge         Conj/Air       66%        2-5/arc   1%          2
 Sublimation of Blood     Necr           33%        N/A       1%          2
 Wereblood                Tmut           33%        N/A       1%          2
 Inner Flame              Hex/Fire       33%        N/A       1%          3
 Vhi's Electric Charge    Tloc/Air       66%        N/A       1%          3
 Cause Fear               Hex            16%        N/A       2%          4
 Manifold Assault         Tloc           33%        N/A       2%          4
 Arcjolt                  Conj/Air       16%        1d26      8%          5
 Lightning Bolt           Conj/Air       16%        1d30      8%          5
 Ozocubu's Refrigeration  Ice            23%        4d12      50%         7
 Storm Form               Tmut/Air       16%        N/A       89%         7
 Discord                  Hex            16%        N/A       100%        8
 Maxwell's Capacitive Co  Air            16%        ∞         100%        8
 Summon Hydra             Summ           Unusable   N/A       N/A         7

Dungeon Overview and Level Annotations

Branches:
Dungeon (14/15)            Temple (1/1) D:5            Lair (0/5) D:10
    Orc (0/2) D:10
 Vaults: D:13-14

Altars:
Ashenzari
Cheibriados
Dithmenos
Elyvilon
Fedhas
Gozag
Hepliaklqana
Kikubaaqudgha
Makhleb
Nemelex Xobeh
Okawaru
Qazlal
Ru
Sif Muna
Trog
Uskayaw
Vehumet
Wu Jian
Xom
Yredelemnul
Zin
The Shining One
Lugonu

Shops:
D:12 :   D:13 [

Annotations:
D:13 2 transporters


Innate Abilities, Weirdness & Mutations

You have very sharp teeth.
Your uncanny sense of smell can sniff out nearby items.
Your experience applies equally to all skills.


Message History

Confirm with . or Enter, or press ? or * to list all spells.
Casting: Frozen Ramparts (safe; 1% risk of failure)
Press: ? - help, Dir - look around, f - activate The walls around you are covered in ice.
The wall freezes the cyan ugly thing.
The cyan ugly thing misses you.
The wall freezes the gargoyle but does no damage.
The gargoyle barely misses you.
Unknown command.
Unknown command.
You can now deal lightning-fast blows.
The wall freezes the cyan ugly thing!
The cyan ugly thing closely misses you.
The wall freezes the gargoyle!
The gargoyle hurls a stone arrow at you.
The stone arrow hits you!
* * * LOW HITPOINT WARNING * * *
Unknown command.
Unknown command.
You hit the gargoyle but do no damage.
The gargoyle is almost destroyed.
You hit the gargoyle but do no damage.
You punch the gargoyle, but do no damage.
The gargoyle is almost destroyed.
The wall freezes the cyan ugly thing!
The cyan ugly thing misses you.
The wall freezes the gargoyle but does no damage.
The gargoyle closely misses you.
You hit the cyan ugly thing but do no damage.
Your bite misses the cyan ugly thing.
The cyan ugly thing is severely wounded.
You hit the cyan ugly thing.
The cyan ugly thing is severely wounded.
You hit the cyan ugly thing.
You feel better.
Your bite misses the cyan ugly thing.
The cyan ugly thing is severely wounded.
The wall freezes the cyan ugly thing.
The cyan ugly thing tail-slaps you!
* * * LOW HITPOINT WARNING * * *
The cyan ugly thing shocks you!
* * * LOW HITPOINT WARNING * * *
The wall freezes the gargoyle.
The gargoyle hits you with a +1 morningstar of protection!!
You die...

..... #8............
####
#######.............
#
#....8.∩.8.........
#
#.....#<...........
#
#.....#8####.######
# #.......# .# #
#.....### .# #
#.....# .# ...
..##....@######..
.....
.........u9)......
......
........##).......
......
........##...)....
......
........##........
......
........##....>...
........##........
........##........
....... #........


You could see a cyan ugly thing and a gargoyle.

Vanquished Creatures
  Erolcha (D:10)
  2 centaur warriors (D:10)
  A two-headed ogre (D:9)
  A tengu warrior (D:10)
  A boulder beetle (D:14)
  An orc knight (D:10)
  Pikel (D:6)
  An ugly thing (D:10)
  A deep elf pyromancer (D:10)
  4 cyclopes
  2 unseen horrors
  2 kobold demonologists
  6 trolls
  6 slime creatures (D:13)
  2 shadows
  A wyvern (D:10)
  20 yaks
  3 wraiths
  A basilisk (D:10)
  6 vampire mosquitoes (D:10)
  A steam dragon (D:8)
  5 water moccasins
  4 acid dragons
  4 orc warriors
  An ice beast (D:5)
  A sky beast (D:5)
  2 lemures (D:6)
  7 centaurs
  4 kobold brigands
  2 necrophages
  2 bullfrogs
  3 scorpions
  4 wights
  10 killer bees
  6 howler monkeys
  2 hounds
  2 jellies
  A gnoll bouda (D:7)
  8 orc priests
  4 iguanas
  Terence (D:2)
  13 orc wizards
  A hound skeleton (D:4)
  Robin (D:2)
  9 gnolls
  7 adders
  A shadow imp (D:7)
  A white imp (D:6)
  An ufetubus (D:5)
  4 worms
  A dart slug (D:2)
  41 orcs
  3 bats
  6 endoplasms
  7 giant cockroaches
  18 goblins
  12 hobgoblins
  4 jackals (D:3)
  23 kobolds
  3 quokkas
  3 ball pythons
  4 frilled lizards
  12 rats
312 creatures vanquished.

Vanquished Creatures (others)
  A fungus (D:10)
  22 plants (D:10)
23 creatures vanquished.

Grand Total: 335 creatures vanquished

Notes
Turn   | Place    | Note
-------+----------+-------------------------------------------
     0 | D:1      | gruber the Gnoll Ice Elementalist began the quest for the
                  | Orb.
     0 | D:1      | Reached XP level 1. HP: 13/13 MP: 6/6
   278 | D:1      | Reached XP level 2. HP: 11/19 MP: 2/7
   634 | D:1      | Found a faded altar of an unknown god.
  1037 | D:2      | Reached skill level 5 in Spellcasting
  1037 | D:2      | Reached XP level 3. HP: 22/25 MP: 4/9
  1195 | D:2      | Reached skill level 1 in Invocations
  1261 | D:2      | Reached skill level 1 in Fighting
  1261 | D:2      | Reached skill level 1 in Short Blades
  1261 | D:2      | Reached skill level 1 in Long Blades
  1261 | D:2      | Reached skill level 1 in Axes
  1261 | D:2      | Reached skill level 1 in Maces & Flails
  1261 | D:2      | Reached skill level 1 in Polearms
  1261 | D:2      | Reached skill level 1 in Staves
  1261 | D:2      | Reached skill level 1 in Ranged Weapons
  1261 | D:2      | Reached skill level 1 in Throwing
  1261 | D:2      | Reached skill level 1 in Armour
  1261 | D:2      | Reached skill level 1 in Shields
  1261 | D:2      | Reached skill level 1 in Unarmed Combat
  1261 | D:2      | Reached skill level 1 in Evocations
  1264 | D:2      | Noticed Robin
  1279 | D:2      | Killed Robin
  1280 | D:2      | Reached XP level 4. HP: 15/32 MP: 0/11
  1552 | D:2      | Noticed Terence
  1565 | D:2      | Killed Terence
  1566 | D:2      | Reached skill level 1 in Conjurations
  1566 | D:2      | Reached skill level 1 in Hexes
  1566 | D:2      | Reached skill level 1 in Summonings
  1566 | D:2      | Reached skill level 1 in Necromancy
  1566 | D:2      | Reached skill level 1 in Translocations
  1566 | D:2      | Reached skill level 1 in Transmutations
  1566 | D:2      | Reached skill level 1 in Fire Magic
  1566 | D:2      | Reached skill level 1 in Air Magic
  1566 | D:2      | Reached skill level 1 in Earth Magic
  1566 | D:2      | Reached skill level 1 in Poison Magic
  1778 | D:2      | Reached XP level 5. HP: 37/37 MP: 8/12
  1783 | D:2      | Learned a level 3 spell: Frozen Ramparts
  1787 | D:2      | Learned a level 3 spell: Ozocubu's Armour
  2415 | D:3      | Reached XP level 6. HP: 41/44 MP: 9/13
  2988 | D:4      | Reached skill level 5 in Dodging
  3515 | D:4      | Found a burning altar of Makhleb.
  3587 | D:4      | Found an iron altar of Okawaru.
  3697 | D:4      | Reached XP level 7. HP: 50/50 MP: 15/15
  3824 | D:5      | Entered Level 5 of the Dungeon
  3830 | D:5      | Learned a level 4 spell: Summon Ice Beast
  3859 | D:5      | Found a staircase to the Ecumenical Temple.
  4074 | Temple   | Entered the Ecumenical Temple
  4441 | D:5      | Reached skill level 5 in Stealth
  4470 | D:5      | Found an ancient bone altar of Kikubaaqudgha.
  4470 | D:5      | Found a faded altar of an unknown god.
  4477 | D:5      | Found a basalt altar of Yredelemnul.
  4479 | D:5      | Found a faded altar of an unknown god.
  4480 | D:5      | Found a sparkling altar of Nemelex Xobeh.
  4848 | D:5      | Reached XP level 8. HP: 58/58 MP: 9/16
  5014 | D:6      | Found a stormy altar of Qazlal.
  5028 | D:6      | Found a sacrificial altar of Ru.
  5393 | D:6      | Noticed Pikel
  5415 | D:6      | Killed Pikel
  5416 | D:6      | Reached XP level 9. HP: 33/65 MP: 18/18
  5667 | D:6      | Found a blossoming altar of Fedhas.
  6308 | D:7      | Found a broken altar of Ashenzari.
  6994 | D:8      | Found a shadowy altar of Dithmenos.
  7089 | D:8      | Reached skill level 5 in Invocations
  7259 | D:4      | Became a worshipper of Warmaster Okawaru
  8083 | D:9      | Reached * piety under Okawaru
  8101 | D:9      | Noticed a troll
  8112 | D:9      | Killed a troll
  8113 | D:9      | Reached skill level 5 in Fighting
  8113 | D:9      | Reached skill level 5 in Short Blades
  8113 | D:9      | Reached skill level 5 in Long Blades
  8113 | D:9      | Reached skill level 5 in Axes
  8113 | D:9      | Reached skill level 5 in Maces & Flails
  8113 | D:9      | Reached skill level 5 in Polearms
  8113 | D:9      | Reached skill level 5 in Staves
  8113 | D:9      | Reached skill level 5 in Ranged Weapons
  8113 | D:9      | Reached skill level 5 in Throwing
  8113 | D:9      | Reached skill level 5 in Armour
  8113 | D:9      | Reached skill level 5 in Shields
  8113 | D:9      | Reached skill level 5 in Unarmed Combat
  8113 | D:9      | Reached skill level 5 in Evocations
  8113 | D:9      | Reached XP level 10. HP: 57/74 MP: 14/20
  8673 | D:9      | Noticed a two-headed ogre
  8689 | D:9      | Killed a two-headed ogre
  8689 | D:9      | Reached ** piety under Okawaru
  8923 | D:9      | Found a shimmering altar of Xom.
  9111 | D:9      | Noticed a kobold demonologist
  9115 | D:9      | Killed a kobold demonologist
  9115 | D:9      | Reached *** piety under Okawaru
  9178 | D:9      | Found a glowing silver altar of Zin.
  9186 | D:9      | Found a glowing golden altar of the Shining One.
  9196 | D:9      | Received a gift from Okawaru
  9313 | D:10     | Entered Level 10 of the Dungeon
  9334 | D:9      | Reached skill level 5 in Conjurations
  9334 | D:9      | Reached skill level 5 in Hexes
  9334 | D:9      | Reached skill level 5 in Summonings
  9334 | D:9      | Reached skill level 5 in Necromancy
  9334 | D:9      | Reached skill level 5 in Translocations
  9334 | D:9      | Reached skill level 5 in Transmutations
  9334 | D:9      | Reached skill level 5 in Fire Magic
  9334 | D:9      | Reached skill level 5 in Air Magic
  9334 | D:9      | Reached skill level 5 in Earth Magic
  9334 | D:9      | Reached skill level 5 in Poison Magic
  9334 | D:9      | Reached XP level 11. HP: 63/81 MP: 11/22
  9432 | D:10     | Noticed Erolcha
  9538 | D:10     | Reached **** piety under Okawaru
  9991 | D:10     | Found the +11 plutonium sword {Contam Stlth-}
  9995 | D:10     | Noticed a centaur warrior
  9995 | D:10     | Noticed a cyclops
  9995 | D:10     | Noticed an orc knight
  9995 | D:10     | Noticed a centaur warrior
  9995 | D:10     | Noticed a tengu warrior
  9995 | D:10     | Noticed a brown ugly thing
  9995 | D:10     | Noticed a deep elf pyromancer
 10006 | D:10     | Killed a deep elf pyromancer
 10007 | D:10     | Killed a brown ugly thing
 10008 | D:10     | Killed a centaur warrior
 10008 | D:10     | Reached ***** piety under Okawaru
 10009 | D:10     | Killed a tengu warrior
 10019 | D:10     | Killed a cyclops
 10019 | D:10     | Received a gift from Okawaru
 10032 | D:10     | Killed an orc knight
 10042 | D:10     | Killed a centaur warrior
 10331 | D:10     | Found a staircase to the Orcish Mines.
 10600 | D:10     | Found a staircase to the Lair.
 10628 | D:10     | Reached XP level 12. HP: 90/91 MP: 18/24
 10843 | D:10     | Killed Erolcha
 10894 | D:10     | Found an opulent altar of Gozag.
 10949 | D:10     | Found a hide-covered altar of Uskayaw.
 11591 | D:11     | You fall into a shaft and drop 3 floors!
 11594 | D:14     | Noticed a boulder beetle
 11611 | D:14     | Killed a boulder beetle
 11663 | D:13     | Found a transporter.
 11667 | D:13     | Found a transporter.
 11744 | D:13     | Found Siolousch's Armour Shop.
 12081 | D:12     | Reached ****** piety under Okawaru
 12451 | D:11     | Received a gift from Okawaru
 12991 | D:12     | Found Baghypn's Book Boutique.
 13037 | D:12     | HP: 1/92 [cyan ugly thing (13)]
 13037 | D:12     | Demolished by a gargoyle

Illustrated notes

Levels and vault maps discovered:
D:1:      heliophobic_arrival_enchanted_forest, layout_loops_corners,
          ebering_ecumenical_altar_box, moated_statue
D:2:      layout_rooms, hangedman_decor_growths, uniq_terence, uniq_robin
D:3:      layout_basic, minmay_pentangle
D:4:      nicolae_cairo_tiling_large_dashed, layout_basic,
          nicolae_overflow_crystal_walls, makhleb_blood_cavern_becter,
          nrook_loot_triangle
D:5:      layout_basic, chequers_temple_overflow_minitemple,
          minmay_temple_entry_overgrown
D:6:      layout_basic, grunt_temple_overflow_forces_of_nature,
          lemuel_crystal_altar, uniq_pikel
D:7:      layout_loops_ring, nicolae_ashenzari_skybound
D:8:      layout_loops_ring, nicolae_dithmenos_the_darkroom
D:9:      layout_long_grid, mainiacjoe_overflow_alcove_1,
          mainiacjoe_overflow_big_doors
D:10:     minmay_the_grid_triangle_9x9_rhombus_full
          [minmay_the_grid_triangle_9x9_limited_checkers,
          minmay_the_grid_triangle_9x9_odd_lines,
          minmay_the_grid_triangle_9x9_empty,
          minmay_the_grid_triangle_9x9_negative_grid,
          minmay_the_grid_triangle_9x9_wacky_v,
          minmay_the_grid_triangle_9x9_flanged_cone,
          minmay_the_grid_triangle_9x9_descending_squares,
          minmay_the_grid_triangle_9x9_prize_top_heavy], layout_cave_pools,
          nicolae_uskayaw_dance_studio,
          nicolae_gozag_cash_rules_everything_around_me,
          minmay_lair_entry_grove, uniq_erolcha
D:11:     layout_long_grid, roderic_serpentine_path
D:12:     minmay_chambers_of_sevens, layout_basic, serial_shops,
          nicolae_shop_statue_plus, led_sif_pool
D:13:     layout_stronghold, ximxim_vaults_locker_room, serial_shops, shop,
          serial_bayou_pond_d, small_statue_alley_a, nrook_mini_backslash,
          serial_nicolae_subway, nicolae_sub_station_stone,
          nicolae_sub_station_crystal, nicolae_sub_station_metal, uniq_snorg
D:14:     layout_loops_ring, grunt_decor_clamped
Temple:   corrupted_temple

Skill      XL: |  1  2  3  4  5  6  7  8  9 10 11 12 |
---------------+-------------------------------------+-----
Spellcasting   | 5 6 7 8 9 |  9.4
Invocations    | 1 2 3 4 5 6 7 8 |  8.6
Fighting       | 1 2 3 4 5 6 7 |  7.8
Short Blades   | 1 2 3 4 5 6 7 |  7.8
Long Blades    | 1 2 3 4 5 6 7 |  7.8
Axes           | 1 2 3 4 5 6 7 |  7.8
Maces & Flails | 1 2 3 4 5 6 7 |  7.8
Polearms       | 1 2 3 4 5 6 7 |  7.8
Staves         | 1 2 3 4 5 6 7 |  7.8
Ranged Weapons | 1 2 3 4 5 6 7 |  7.8
Throwing       | 1 2 3 4 5 6 7 |  7.8
Armour         | 1 2 3 4 5 6 7 |  7.8
Shields        | 1 2 3 4 5 6 7 |  7.8
Unarmed Combat | 1 2 3 4 5 6 7 |  7.8
Evocations     | 1 2 3 4 5 6 7 |  7.8
Conjurations   | 1 2 3 4 5 6 |  6.5
Hexes          | 1 2 3 4 5 6 |  6.5
Summonings     | 1 2 3 4 5 6 |  6.5
Necromancy     | 1 2 3 4 5 6 |  6.5
Translocations | 1 2 3 4 5 6 |  6.5
Transmutations | 1 2 3 4 5 6 |  6.5
Fire Magic     | 1 2 3 4 5 6 |  6.5
Air Magic      | 1 2 3 4 5 6 |  6.5
Earth Magic    | 1 2 3 4 5 6 |  6.5
Poison Magic   | 1 2 3 4 5 6 |  6.5
Dodging        | 5 6 7 8 9 |  9.1
Stealth        | 5 6 7 8 9 |  9.0
Ice Magic      | 8 9 |  9.7

Action                   |  1- 3 |  4- 6 |  7- 9 | 10-12 || total
-------------------------+-------+-------+-------+-------++-------
Melee: Unarmed           |    20 |       |    12 |       ||    32
       Bite              |     4 |     6 |    33 |    66 ||   109
       War axe           |     3 |    37 |       |       ||    40
       Trident           |       |    21 |   201 |   205 ||   427
       Broad axe         |       |     7 |       |       ||     7
       Morningstar       |       |     3 |       |       ||     3
       Punch             |       |     1 |     6 |    34 ||    41
       Long sword        |       |       |    44 |     4 ||    48
       Mace              |       |       |       |   121 ||   121
       Dagger            |       |       |       |    97 ||    97
 Cast: Freeze            |    43 |    71 |       |    27 ||   141
       Frozen Ramparts   |       |     3 |    28 |    46 ||    77
       Ozocubu's Armour  |       |     1 |    20 |    45 ||    66
Invok: Heroism           |       |       |       |     3 ||     3
       Finesse           |       |       |       |     1 ||     1
Evoke: Wand              |       |       |       |     1 ||     1
       Lightning rod     |       |       |       |     5 ||     5
  Use: Potion            |       |       |     2 |     2 ||     4
       Scroll            |       |       |     5 |     4 ||     9
 Stab: Sleeping          |     2 |     3 |     4 |     9 ||    18
       Invisible         |       |       |       |     5 ||     5
Armor: Robe              |     8 |    49 |    73 |       ||   130
       Skin              |       |       |     2 |       ||     2
       Acid dragon scale |       |       |    29 |   227 ||   256
       Scale mail        |       |       |    29 |       ||    29
       Troll leather arm |       |       |       |    70 ||    70
Dodge: Dodged            |    44 |    73 |   164 |   374 ||   655

Table legend: (Time is in decaauts)
 A = Elapsed time spent in this place.
 B = Non-inter-level travel time spent in this place.
 C = Inter-level travel time spent in this place.
 D = Time resting spent in this place.
 E = Time spent auto-exploring this place.
 F = Levels seen in this place.
 G = Mean time per level.
                   A        B        C        D        E       F      G
               +--------+--------+--------+--------+--------+-----+--------+
         Total |  13046 |  12426 |    620 |    338 |   9607 |  15 |  869.7 |
       Dungeon |  13001 |  12394 |    607 |    338 |   9581 |  14 |  928.6 |
        Temple |     45 |     33 |     12 |      0 |     26 |   1 |   45.0 |
               +--------+--------+--------+--------+--------+-----+--------+

Top non-repeatable levels by time:
    D:10: 1892 daAuts
     D:9: 1273 daAuts
     D:5: 1218 daAuts
     D:3: 1126 daAuts
     D:6: 1049 daAuts
    D:11: 1040 daAuts
     D:1: 1031 daAuts
     D:7: 992 daAuts
     D:8: 947 daAuts
     D:4: 904 daAuts
     D:2: 816 daAuts
    D:13: 344 daAuts
    D:12: 298 daAuts
    D:14: 64 daAuts
  Temple: 45 daAuts
